 Dungeon Crawl Stone Soup version 0.19.1-1-g22dce08 (webtiles) character file.

23 empire the Conjurer (level 2, -5/11 HPs)
             Began as a Felid Conjurer on Jan 13, 2017.
             Slain by Natasha (7 damage)
             ... on level 2 of the Dungeon.
             The game lasted 00:02:30 (1450 turns).

empire the Conjurer (Felid Conjurer)                Turns: 1450, Time: 00:02:30

Health: -5/11      AC:  1    Str:  1 (4)  XL:     2   Next: 72%
Magic:  1/6        EV: 18    Int: 13 (16) God:
Gold:   65         SH:  0    Dex: 15 (16) Spells: 1 memorised, 4 levels left
                                        Lives:  0   Deaths: 0

rFire  . . .     SeeInvis +     (weapon unavailable)
rCold  . . .     Gourm    +     (armour unavailable)
rNeg   . . .     Faith    .     (shield unavailable)
rPois  .         Spirit   .     (helmet unavailable)
rElec  .         Reflect  .     (cloak unavailable)
rCorr  .         Harm     .     (gloves unavailable)
MR     .....                    (boots unavailable)
Stlth  +++.......               g - amulet of the gourmand
                                (no ring)
                                (no ring)

@: quick
A: no armour, no weapons or thrown items, stealth, claws 1, fangs 3, see
invisible, carnivore 3, speed 1, shaggy fur 1, slow metabolism 1, sharp paws
a: no special abilities


You were on level 2 of the Dungeon.
You were very full.

You visited 1 branch of the dungeon, and saw 2 of its levels.

You collected 65 gold pieces.

Inventory:

Jewellery
 g - an amulet of the gourmand (around neck)
Scrolls
 c - a scroll of enchant weapon {unknown}
 d - 3 scrolls of enchant armour {unknown}
 h - a scroll of random uselessness {unknown}
 j - 2 scrolls of identify {unknown}
Potions
 e - a potion of invisibility {unknown}
 m - a potion of haste
Books
 a - a book of Conjurations

   Spells                             Type                      Level
   a - Magic Dart                     Conjuration                  1
   b - Searing Ray                    Conjuration                  2
   c - Dazzling Spray                 Conjuration/Hexes            3
   d - Fulminant Prism                Conjuration/Hexes            4
   e - Iskenderun's Mystic Blast      Conjuration                  4
   f - Iskenderun's Battlesphere      Conjuration/Charms           5
Comestibles
 b - a meat ration
 f - 2 slices of pizza
 i - a beef jerky


   Skills:
 + Level 2.8 Dodging
 + Level 3.0 Stealth
 * Level 2.4 Spellcasting
 * Level 4.0 Conjurations


You had 4 spell levels left.
You knew the following spells:

 Your Spells              Type           Power        Failure   Level  Hunger
a - Magic Dart            Conj           ##..         6%          1    #......


Dungeon Overview and Level Annotations

Branches:
Dungeon (2/15)

Altars:

Annotations:
D:2 Natasha


Innate Abilities, Weirdness & Mutations

You cannot wear armour.
You are incapable of wielding weapons or throwing items.
Your paws allow you to move quietly. (Stealth)
You have sharp claws.
You have razor-sharp teeth.
You have supernaturally acute eyesight. (SInv)
You are carnivorous and can eat meat at any time.
You cover ground quickly.
You are covered in fur. (AC +1)
You have a slow metabolism.
Your sharp claws are effective at attacking unaware monsters.


Message History

Natasha claws you.
* * * LOW HITPOINT WARNING * * *
You closely miss Natasha.
Natasha is severely wounded.
Natasha closely misses you.
It was a potion of haste.
You feel yourself speed up.
Natasha drinks a potion.
Natasha is healed!
You are very lightly contaminated with residual magic.
It was a potion of cancellation.
Your magical effects are unravelling.
You feel magically purged.
Your magical contamination has completely faded away.
You feel yourself slow down.
Natasha casts a spell.
It was a potion of degeneration.
There was something very wrong with that liquid.
You feel weakened.
You feel dopey.
You feel clumsy. Natasha claws you!
Ouch! That really hurt!
You die...

#.# .## #.# #... #.#
#### #.#########
#>........#
#.#######.#
#.#######.#
#.....#...#########
#.###@#...'.......##
### #h#...#######..#
#.#...# ##.##
#5#...# #..# #.#...#
##.# #.#...# #.##
#.#...# #..# #.#...#
##.# #...# #.#


You could see Natasha and a crimson imp.

Vanquished Creatures
  A dart slug (D:1)
  6 bats
  A goblin (D:1)
  A hobgoblin (D:1)
  4 jackals
  2 frilled lizards (D:1)
  2 kobolds
  3 rats (D:1)
20 creatures vanquished.

Notes
Turn   | Place    | Note
-------+----------+-------------------------------------------
     0 | D:1      | empire the Felid Conjurer began the quest for the Orb.
     0 | D:1      | Reached XP level 1. HP: 7/7 MP: 4/4
   400 | D:1      | Reached XP level 2. HP: 3/11 MP: 0/6
  1260 | D:2      | Reached skill level 4 in Conjurations
  1439 | D:2      | Noticed Natasha
  1450 | D:2      | Noticed a crimson imp
  1450 | D:2      | Slain by Natasha

Skill      XL: |  1  2 |
---------------+-------+-----
Conjurations   | 4 |  4.0
Stealth        | 3 |  3.0
Dodging        | |  2.8
Spellcasting   | |  2.4

Action                   || total
-------------------------++-------
Melee: Unarmed           ||    23
       Bite              ||     1
 Cast: Magic Dart        ||    39
  Use: Potion            ||     3
  Eat: Chunk             ||     8
Armor: Skin              ||     3
Dodge: Dodged            ||    31
